 Dungeon Crawl Stone Soup version 0.25-a0-545-ge4db218 (webtiles) character file.

Game seed: 14235888567824060086, levelgen mode: deterministic

1425 robertstho the Cleaver (level 8, -5/72 (73) HPs)
             Began as a Minotaur Berserker on Feb 20, 2020.
             Was a Priest of Trog.
             Slain by Maggie
             ... wielding a +2 glaive of flaming
              (7 damage)
             ... on level 6 of the Dungeon.
             The game lasted 00:05:44 (4651 turns).

robertstho the Cleaver (Minotaur Berserker)         Turns: 4651, Time: 00:05:44

HP:   -5/72 (73)    AC: 14    Str: 23    XL:     8   Next: 44%
MP:   7/7           EV:  8    Int:  5    God:    Trog [***...]
Gold: 213           SH:  0    Dex: 10    Spells: 7/7 levels left

rFire    . . .     SeeInvis .   A - +0 battleaxe
rCold    . . .     Gourm    .   (shield currently unavailable)
rNeg     . . .     Faith    .   B - +0 plate armour
rPois    .         Spirit   .   (helmet restricted)
rElec    .         Reflect  .   s - +1 cloak
rCorr    .         Harm     .   (no gloves)
MR       .....                  (no boots)
Stlth    ..........             (no amulet)
HPRegen  0.22/turn              (no ring)
MPRegen  0.10/turn              (no ring)

@: stab
A: retaliatory headbutt, horns 2
a: Berserk, Trog's Hand, Renounce Religion


You were on level 6 of the Dungeon.
You worshipped Trog.
Trog was most pleased with you.
You were not hungry.

You visited 1 branch of the dungeon, and saw 6 of its levels.

You collected 213 gold pieces.

Inventory:

Hand Weapons
 a - a +0 hand axe
 r - a +3 quarterstaff of chaos
 A - a +0 battleaxe (weapon)
Armour
 n - a +0 chain mail
 s - a +1 cloak (worn)
 B - a +0 plate armour (worn)
Jewellery
 o - a +2 ring of protection {unknown}
 p - an uncursed ring of wizardry {unknown}
Wands
 m - a wand of digging (3)
 w - a wand of acid (8)
Scrolls
 e - 4 scrolls of remove curse
 f - 4 scrolls of identify {unknown}
 i - 2 scrolls of enchant armour {unknown}
 j - a scroll of fear {unknown}
 k - 4 scrolls of teleportation {unknown}
 t - a scroll of fog {unknown}
 u - a scroll of blinking {unknown}
 x - a scroll of immolation {unknown}
 y - a scroll of enchant weapon {unknown}
Potions
 d - a potion of curing {unknown}
 g - a potion of ambrosia {unknown}
 h - a potion of might {unknown}
 l - a potion of berserk rage {unknown}
 q - a potion of heal wounds {unknown}
 v - 2 potions of resistance {unknown}
Comestibles
 b - 2 chunks of flesh
 c - 11 rations


   Skills:
 * Level 7.0 Fighting
 * Level 9.4 Axes
 * Level 6.0 Armour
 + Level 3.7 Dodging
 + Level 0.9 Stealth


You had 7 spell levels left.
You didn't know any spells.
Your spell library was empty.

Dungeon Overview and Level Annotations

Branches:
Dungeon (6/15)             Temple (0/1) D:5

Altars:
Ashenzari
Kikubaaqudgha
Makhleb
Nemelex Xobeh
Okawaru
Qazlal
Ru
Wu Jian
Xom
Zin

Annotations:
D:6 Maggie


Innate Abilities, Weirdness & Mutations

You reflexively headbutt those who attack you in melee.
You have a pair of horns on your head.


Message History

Maggie closely misses you. You furiously retaliate!
You headbutt Maggie! You barely miss Maggie.
Maggie is severely wounded.
Maggie points at you and mumbles some strange words.
The bolt of fire hits you!
You closely miss Maggie. You headbutt Maggie, but do no damage.
Maggie is severely wounded.
Maggie gestures at you while chanting. The bolt of fire hits you.
Your plate armour prevents you from hitting Maggie.
Your headbutt misses Maggie.
Maggie is severely wounded.
You break out of your daze.
Maggie casts a spell at you. The bolt of fire hits you!!
* * * LOW HITPOINT WARNING * * *
It was a potion of stabbing.
You feel ready to backstab.
Maggie hits you with a +2 glaive of flaming!
You die...

#..........###.....###.
##.......#.# #..##.# #.
##.....##.###.###.###.
##...###............>
##'## #########.####
#(# #.# #.# ..#
###(##### ##.#
#.)[@...# .##
.........@.?# .
#####.......# .
#.#...>....
#...........
###.#....... #.####....
#.# ....


You could see Maggie.

Vanquished Creatures
  Grinder (D:3)
  Sigmund (D:4)
  An orc warrior (D:6)
  An ice beast (D:5)
  A necrophage (D:6)
  A centaur (D:6)
  A bullfrog (D:6)
  A howler monkey (D:4)
  2 orc priests (D:5)
  Crazy Yiuf (D:3)
  A bullfrog skeleton (D:5)
  2 hounds (D:5)
  3 orc wizards
  A centaur skeleton (D:5)
  An iguana (D:5)
  Ijyb (D:3)
  2 worker ants
  A killer bee zombie (D:6)
  3 gnolls (D:6)
  A worker ant zombie (D:5)
  8 adders
  A shadow imp (D:6)
  An ooze (D:1)
  3 worms
  2 dart slugs
  5 leopard geckos
  15 orcs
  4 giant cockroaches
  9 hobgoblins
  A jackal (D:2)
  10 kobolds
  3 quokkas
  A ball python (D:6)
  5 bats
  5 frilled lizards
  4 goblins (D:1)
  A jackal skeleton (D:4)
  6 rats
111 creatures vanquished.

Vanquished Creatures (others)
  A human (D:2)
1 creature vanquished.

Grand Total: 112 creatures vanquished

Notes
Turn   | Place    | Note
-------+----------+-------------------------------------------
     0 | D:1      | robertstho the Minotaur Berserker began the quest for the
                  | Orb.
     0 | D:1      | Reached XP level 1. HP: 19/19 MP: 0/0
   152 | D:1      | Reached skill level 4 in Axes
   152 | D:1      | Reached XP level 2. HP: 21/27 MP: 1/1
   511 | D:1      | Reached XP level 3. HP: 31/33 MP: 2/2
   520 | D:1      | Reached ** piety under Trog
   895 | D:2      | Found an ancient bone altar of Kikubaaqudgha.
   897 | D:2      | Noticed a human
   898 | D:2      | Killed a human
  1290 | D:2      | Reached XP level 4. HP: 22/41 MP: 3/3
  1352 | D:2      | Reached skill level 5 in Axes
  1360 | D:2      | You fall into a shaft and drop 2 floors!
  1415 | D:3      | Noticed Ijyb
  1774 | D:2      | Found a sparkling altar of Nemelex Xobeh.
  1880 | D:2      | Found a burning altar of Makhleb.
  2132 | D:3      | Killed Ijyb
  2132 | D:3      | Reached XP level 5. HP: 35/47 MP: 4/4
  2175 | D:3      | Noticed Grinder
  2175 | D:3      | Paralysed by Grinder for 4 turns
  2216 | D:3      | Paralysed by Grinder for 3 turns
  2226 | D:3      | Killed Grinder
  2226 | D:3      | Reached skill level 5 in Fighting
  2226 | D:3      | Reached skill level 6 in Axes
  2226 | D:3      | Reached XP level 6. HP: 18/56 MP: 5/5
  2234 | D:3      | Found a stormy altar of Qazlal.
  2703 | D:3      | Found an iron altar of Okawaru.
  2734 | D:3      | Found a runed translucent door.
  2735 | D:3      | Noticed Crazy Yiuf
  2880 | D:3      | Killed Crazy Yiuf
  2946 | D:4      | Noticed Sigmund
  2954 | D:4      | Killed Sigmund
  2954 | D:4      | Reached skill level 7 in Axes
  2954 | D:4      | Reached XP level 7. HP: 62/62 MP: 6/6
  3580 | D:5      | Entered Level 5 of the Dungeon
  3728 | D:5      | Reached *** piety under Trog
  3836 | D:5      | Reached skill level 8 in Axes
  3853 | D:5      | Found a sacrificial altar of Ru.
  3984 | D:5      | Found a shimmering altar of Xom.
  3993 | D:5      | Found a blossoming altar of Fedhas.
  3993 | D:5      | Found a shimmering altar of Xom.
  3998 | D:5      | Found an iron altar of Okawaru.
  3998 | D:5      | Found a glowing silver altar of Zin.
  3998 | D:5      | Found an ornate altar of the Wu Jian Council.
  4209 | D:5      | Found a staircase to the Ecumenical Temple.
  4270 | D:5      | Reached XP level 8. HP: 47/71 MP: 7/7
  4435 | D:6      | Reached skill level 5 in Armour
  4488 | D:6      | Reached skill level 9 in Axes
  4541 | D:6      | Found a glowing silver altar of Zin.
  4543 | D:6      | Found a shattered altar of Ashenzari.
  4631 | D:6      | Noticed Maggie
  4650 | D:6      | HP: 2/72 [Maggie/bolt of fire (20)]
  4651 | D:6      | Slain by Maggie

Levels and vault maps discovered:
D:1:      scummos_arrival_hexagon, layout_loops_corners, minmay_hedge_maze
D:2:      layout_loops_ring, nemelex_xobeh_ov_fountains_minmay,
          marbit_many_paths, first_ration, tgw_kikubaaqudgha
D:3:      layout_basic, lemuel_coloured_pillars_altar, grunt_qazlal_clouds,
          uniq_ijyb, uniq_crazy_yiuf_cottage, uniq_grinder
D:4:      layout_gridville, uniq_sigmund
D:5:      layout_basic, nicolae_ru_sacrificial_ziggurat, doesnt_xom_only_xom,
          temple_doors_cd
D:6:      layout_loops_corners, chequers_temple_overflow_statue_of_worship,
          slow_altar_1, nicolae_dithmenos_the_darkroom, uniq_eustachio,
          uniq_maggie

Skill      XL: |  1  2  3  4  5  6  7  8 |
---------------+-------------------------+-----
Fighting       | 4 5 6 7 |  7.0
Axes           | 4 5 6 7 8 9 |  9.4
Dodging        | 3 |  3.7
Armour         | 3 4 6 |  6.0
Stealth        | |  0.9

Action                   |  1- 3 |  4- 6 |  7- 9 || total
-------------------------+-------+-------+-------++-------
Melee: Hand axe          |    99 |    61 |   128 ||   288
       Headbutt          |    10 |    13 |    37 ||    60
       Battleaxe         |       |       |    16 ||    16
Invok: Berserk           |     1 |     4 |     3 ||     8
       Trog's Hand       |     1 |       |       ||     1
  Use: Scroll            |     1 |       |       ||     1
       Potion            |       |       |     1 ||     1
  Eat: Chunk             |     2 |     8 |     9 ||    19
Armor: Animal skin       |    12 |     3 |       ||    15
       Chain mail        |       |    11 |    56 ||    67
       Plate armour      |       |       |    18 ||    18
Dodge: Dodged            |    58 |    26 |    57 ||   141

Table legend:
 A = Non-vault XP
 B = Vault XP
 C = Vault XP percentage of total XP
 D = Non-vault monster count
 E = Vault monster count
 F = Vault count percentage of total count
                 A         B        C        D         E       F
            +---------+---------+-------+---------+---------+-------
      Total |    1468 |     569 |  27.9 |     106 |       5 |   4.5
            +---------+---------+-------+---------+---------+-------
        D:1 |      53 |       0 |   0.0 |      25 |       0 |   0.0
        D:2 |     117 |       2 |   1.7 |      28 |       1 |   3.4
        D:3 |      24 |     344 |  93.5 |       6 |       3 |  33.3
        D:4 |      96 |     223 |  69.9 |       5 |       1 |  16.7
        D:5 |     569 |       0 |   0.0 |      22 |       0 |   0.0
        D:6 |     609 |       0 |   0.0 |      20 |       0 |   0.0
            +---------+---------+-------+---------+---------+-------
